 Dungeon Crawl Stone Soup version 0.27-a0-1181-g5f64966fcc (webtiles) character file.

Game seed: 710813129778090099

404 tilp the Cudgeller (level 6, -15/52 HPs)
             Began as a Demigod Fighter on May 17, 2021.
             Demolished by an ogre
             ... wielding a +0 giant spiked club
              (19 damage)
             ... on level 4 of the Dungeon.
             The game lasted 00:05:08 (5003 turns).

tilp the Cudgeller (Demigod Fighter)                Turns: 5003, Time: 00:05:09

Health: -15/52     AC: 10    Str: 25    XL:     6   Next: 30%
Magic:  8/8        EV:  6    Int: 10    God:
Gold:   171        SH:  9    Dex: 13    Spells: 5/5 levels left

rFire    . . .     SeeInvis .   a - +0 flail
rCold    . . .     Faith    .   c - +0 kite shield
rNeg     . . .     Spirit   .   g - +0 chain mail
rPois    .         Reflect  .   (no helmet)
rElec    .         Harm     .   (no cloak)
rCorr    .         Rampage  .   (no gloves)
Will     .....                  b - +0 pair of boots
Stlth    ..........             (no amulet)
HPRegen  0.17/turn              (no ring)
MPRegen  0.11/turn              (no ring)

@: no status effects
A: high mp 1, forlorn
a: no special abilities


You were on level 4 of the Dungeon.
You visited 1 branch of the dungeon, and saw 4 of its levels.

You collected 171 gold pieces.

Inventory:

Hand Weapons
 a - a +0 flail (weapon)
Missiles
 e - 3 poisoned darts (quivered)
 h - 70 stones
Armour
 b - a +0 pair of boots (worn)
 c - a +0 kite shield (worn)
 d - a +0 scale mail
 g - a +0 chain mail (worn)
 i - +0 acid dragon scales
Potions
 f - a potion of lignification


   Skills:
 - Level 4.0 Fighting
 - Level 4.0 Maces & Flails
 - Level 2.6 Armour
 + Level 2.5 Dodging
 + Level 2.9 Stealth
 - Level 2.6 Shields


You had 5 spell levels left.
You didn't know any spells.
Your spell library was empty.

Dungeon Overview and Level Annotations

Branches:
Dungeon (4/15)
 Temple: D:4-7


Innate Abilities, Weirdness & Mutations

Your attributes grow dramatically as you level up.
You have an increased reservoir of magic. (+10% MP)
You shall have no god before yourself.


Message History

The orc priest calls down the wrath of Beogh upon you.
Pain shoots through your body! The orc hits you but does no damage.
You block the orc's attack.
The orc priest hits you but does no damage.
The orc hits you but does no damage. x2
You hit the orc priest.
The orc priest is almost dead.
The orc priest hits you but does no damage.
You block the orc's attack. The orc hits you but does no damage.
Unknown command.
You hit the orc priest.
You kill the orc priest!
You block the orc's attack. x2; The ogre barely misses you.
The orc hits you but does no damage.
Training target 4.0 for Fighting reached!
Your Fighting skill increases to level 4!
You thump the ogre!
The ogre is moderately wounded.
The orc hits you with a +0 flail.
The ogre hits you with a +0 giant spiked club!
The orc hits you but does no damage. x2
Unknown command.
You are too injured to fight recklessly!
You are too injured to fight recklessly!
Unknown command.
You hit the ogre.
The ogre is moderately wounded.
The orc hits you but does no damage. x2
The ogre hits you with a +0 giant spiked club!
* * * LOW HITPOINT WARNING * * *
You sock the ogre!
The ogre is severely wounded.
The orc hits you but does no damage. The orc hits you with a +0 flail.
* * * LOW HITPOINT WARNING * * *
The ogre barely misses you. The orc hits you but does no damage.
You block the orc's attack.
You completely miss the ogre.
The ogre is severely wounded.
The ogre hits you with a +0 giant spiked club!!
You die...

.........########...
###........##......
##.............#.
##..^..####...###
#....### #..####
##.....# ##......
#......####.......
##..##...##........
#o@.##......####...
#.oO####.....# #.(
#...# #....## ##.
....## ##..## ###..
##.....####..#####..##
##.##.........#..###
#. ####.#####..## #.
#. ##.# # #.#


You could see an ogre and 2 orcs.

Vanquished Creatures
  An acid dragon (D:4)
  An orc priest (D:4)
  A jelly (D:3)
  5 adders
  8 gnolls
  A worm (D:2)
  3 dart slugs
  13 orcs
  6 ball pythons
  2 bats (D:2)
  3 endoplasms
  8 goblins
  16 hobgoblins
  6 jackals
  6 kobolds
  3 quokkas
  4 frilled lizards
  5 rats
92 creatures vanquished.

Notes
Turn   | Place    | Note
-------+----------+-------------------------------------------
     0 | D:1      | tilp the Demigod Fighter began the quest for the Orb.
     0 | D:1      | Reached XP level 1. HP: 18/18 MP: 3/3
     6 | D:1      | Noticed a swamp drake
     6 | D:1      | Noticed a polar bear
     7 | D:1      | Noticed a hound
   473 | D:1      | Reached XP level 2. HP: 21/25 MP: 4/4
  1363 | D:2      | Reached XP level 3. HP: 12/30 MP: 5/5
  1368 | D:2      | HP: 1/30 [gnoll/+0 spear (4)]
  1727 | D:2      | Reached XP level 4. HP: 36/37 MP: 6/6
  2667 | D:3      | Reached skill level 1 in Stealth
  2668 | D:3      | Reached skill level 1 in Dodging
  3201 | D:3      | HP: 1/38 [gnoll/+0 spear (3)]
  3203 | D:3      | Reached XP level 5. HP: 2/45 MP: 7/7
  4705 | D:4      | Noticed an acid dragon
  4728 | D:4      | Killed an acid dragon
  4729 | D:4      | Reached XP level 6. HP: 31/52 MP: 8/8
  5003 | D:4      | Demolished by an ogre

Illustrated notes

Levels and vault maps discovered:
D:1:      onia_arrival_zoo_common, layout_basic
D:2:      layout_rooms
D:3:      cheibrodos_greedy_goblins, layout_loops_cross
D:4:      layout_layer_cave

Skill      XL: |  1  2  3  4  5  6 |
---------------+-------------------+-----
Maces & Flails | 2 3 4 |  4.0
Fighting       | 3 4 |  4.0
Stealth        | 1 2 |  2.9
Dodging        | 1 2 |  2.5
Armour         | |  2.6
Shields        | |  2.6

Action                   |  1- 3 |  4- 6 || total
-------------------------+-------+-------++-------
Melee: Flail             |    94 |   257 ||   351
Throw: Stone             |       |     3 ||     3
  Use: Potion            |     1 |     5 ||     6
       Scroll            |       |     7 ||     7
Armor: Scale mail        |    43 |    57 ||   100
       Chain mail        |       |    84 ||    84
       Skin              |       |    47 ||    47
Dodge: Dodged            |    27 |    84 ||   111
Block: Kite shield       |    36 |   193 ||   229

Table legend: (Time is in decaauts)
 A = Elapsed time spent in this place.
 B = Non-inter-level travel time spent in this place.
 C = Inter-level travel time spent in this place.
 D = Time resting spent in this place.
 E = Time spent auto-exploring this place.
 F = Levels seen in this place.
 G = Mean time per level.
                   A        B        C        D        E       F      G
               +--------+--------+--------+--------+--------+-----+--------+
         Total |   5167 |   5096 |     71 |   1467 |   2745 |   4 | 1291.8 |
       Dungeon |   5167 |   5096 |     71 |   1467 |   2745 |   4 | 1291.8 |
               +--------+--------+--------+--------+--------+-----+--------+

Top non-repeatable levels by time:
     D:3: 1728 daAuts
     D:2: 1659 daAuts
     D:1: 1142 daAuts
     D:4: 637 daAuts
